Gelthar, chaotic male orcish Wizard -------- ------------ |......| |.....>....| |......| |........... |......| |..........| ----------- #.......| |..........| |.........-# ###|......| ##..(........| |.........|# # ---.---- # |........... |.........|# # ### # ---.-------- ---|-------# # # # # # # # ### # ### ### # # # # # # # # ### # ##################u@ ################ # # # -|------- - -- # -----.-# -------.--# |............| ### |....<|# |........|# |............| # |.....|# |.......{|# |............| ##.......# |.........# |............| ------- ---------- -------------- Gelthar the Conjurer Experience level: 4 Strength: 14 Dexterity: 13 Constitution: 15 Intelligence: 14 Wisdom: 9 Charisma: 11 Health: 0(35) Energy: 4(27) Def: 1 Gold: 379 Moves: 2050 Dungeon seed: wKebH7K6CYu0IPvo Game ID: Gelthar_1544451278 Your Inventory: Coins $ - 379 gold pieces Weapons a - a blessed +1 quarterstaff (weapon in hands) t - 2 +0 orcish daggers u - 14 +0 darts A - a cursed +0 sling Armor e - an uncursed +0 cloak of magic resistance (being worn) y - an uncursed +0 orcish helm Comestibles B - 2 uncursed tins of kitten meat C - an uncursed clove of garlic F - an uncursed giant bat corpse Scrolls i - an uncursed scroll of identify j - an uncursed scroll of magic mapping k - an uncursed scroll of scare monster w - an uncursed scroll of teleportation z - an uncursed scroll of remove curse E - an uncursed scroll of create monster Spellbooks l - a blessed spellbook of force bolt m - an uncursed spellbook of create monster Potions f - 2 uncursed potions of speed g - an uncursed potion of fruit juice h - a blessed potion of booze p - an uncursed potion of gain level r - an uncursed potion of gain energy s - an uncursed potion of sickness v - an uncursed potion of booze x - a blessed potion of sleeping D - an uncursed potion of water Rings c - an uncursed ring of slow digestion (on left hand) d - an uncursed ring of teleportation (on right hand) Wands b - a wand of polymorph (0:7) Gems n - an uncursed worthless piece of blue glass q - an uncursed worthless piece of green glass Spells and supernatural/magical abilities: Name Level Category Fail Memory a - force bolt 1 attack 0% 90% O - create monster 2 clerical 81% 90% W - pray for help -- divine ? -- Your skills at the end: Fighting Skills Weapon Skills quarterstaff [Basic] Spellcasting Skills attack spells [Basic] enchantment spells [Basic] Final Attributes: You were devoutly aligned. You were poison resistant. You were magic-protected. You had infravision. You could teleport. You had slower digestion. You are dead. Vanquished creatures: a homunculus 4 hill orcs 3 rothes a giant bat a hobbit a brown mold a yellow mold a green mold a gecko 5 jackals a kobold 2 goblins 3 sewer rats 5 grid bugs 2 bats 3 newts 35 creatures vanquished. Voluntary challenges: You went without food. You used a wielded weapon 18 times, starting on turn 12. You were illiterate. You never genocided any monsters. You never polymorphed an object. You never changed form. You used no wishes. You never split a pudding. You never wrote Elbereth's name. You violated your moral code, losing 71 points of alignment, starting on turn 308. Dungeon overview: The Dungeons of Doom: levels 1 to 6 Level 1 a long staircase Level 2 an altar to Anhur Level 3 a long staircase Level 4 Level 5 a fountain Level 6 <- You were here a fountain History has recorded: On T:1 you entered the Dungeons of Doom to retrieve the Amulet of Yendor! On T:503 you reached level 2 of The Dungeons of Doom. On T:709 you reached level 3 of The Dungeons of Doom. On T:714 you reached level 5 of The Dungeons of Doom. On T:727 you reached level 4 of The Dungeons of Doom. On T:1031 you advanced to experience level 2. On T:1102 you advanced to experience level 3. On T:1500 you advanced to experience level 4. On T:1778 you reached level 6 of The Dungeons of Doom. Score breakdown: Gold: 379 ( 8775 points) Experience: 4 levels ( 9649 points) Exploration: 6 levels ( 12.50%) ( 9784 points) Discoveries: 0 items ( 0.00%) ( 0 points) Valuables value: (no points given unless you survive) Artifact value: 0 ( 0 points) Variety of kills: 16 monsters ( 4.20%) ( 6147 points) Turncount: 2050 turns ( -37 points) Survival: died (score multiplied by 80%) Total score: 27454 Latest messages: The pony kicks! The pony bites! The pony kicks! The pony bites! You don't have enough energy to cast that spell. You miss the pony. The pony kicks! The pony bites! You miss the pony. The pony kicks! The pony bites! You don't have enough energy to cast that spell. You are now wearing a ring of teleportation. The pony kicks! The pony bites! The pony kicks! You die... Final status: Goodbye Gelthar the Wizard, killed by a pony... You died in The Dungeons of Doom on dungeon level 6 with 27454 points, and 379 pieces of gold, after 2050 moves. You were level 4 with a maximum of 35 hit points when you died.